 Dungeon Crawl Stone Soup version 0.27.1-3-gb3d3a73c9e (webtiles) character file.

Game seed: 12665043138499042613

18 horus123 the Ducker (level 2, -1/17 HPs)
             Began as a Deep Elf Gladiator on Oct 28, 2021.
             Succumbed to an adder's poison
             ... on level 2 of the Dungeon.
             The game lasted 00:02:18 (1372 turns).

horus123 the Ducker (Deep Elf Gladiator)            Turns: 1372, Time: 00:02:19

Health: -1/17      AC:  5    Str: 11    XL:     2   Next: 51%
Magic:  2/5        EV: 13    Int: 12    God:
Gold:   75         SH:  0    Dex: 16    Spells: 2/3 levels left

rFire    . . .     SeeInvis .   a - +0 long sword
rCold    . . .     Faith    .   (no shield)
rNeg     . . .     Spirit   .   b - +0 leather armour
rPois    .         Reflect  .   c - +0 helmet
rElec    .         Harm     .   h - +0 cloak
rCorr    .         Rampage  .   (no gloves)
Will     .....                  (no boots)
Stlth    +.........             (no amulet)
HPRegen  0.05/turn              (no ring)
MPRegen  0.09/turn              (no ring)

@: lethally poisoned (-1 -> -6), very slightly contaminated
A: no striking features
a: no special abilities


You were on level 2 of the Dungeon.
You visited 1 branch of the dungeon, and saw 2 of its levels.

You collected 75 gold pieces.

Inventory:

Hand Weapons
 a - a +0 long sword (weapon)
Missiles
 d - 2 throwing nets
Armour
 b - a +0 leather armour (worn)
 c - a +0 helmet (worn)
 h - a +0 cloak (worn)
Scrolls
 g - a scroll of amnesia
Potions
 e - a potion of haste {unknown}
 f - a potion of degeneration {unknown}
 i - a potion of attraction {unknown}


   Skills:
 + Level 1.7 Fighting
 + Level 3.0 Long Blades
 + Level 2.0 Throwing
 + Level 0.2 Armour
 + Level 4.0 Dodging
 * Level 1.0 Spellcasting


You had 2 spell levels left.
You knew the following spells:

 Your Spells              Type           Power      Damage    Failure   Level
a - Shock                 Conj/Air       0%         1d3       36%         1

Your spell library contained the following spells:

 Spells                   Type           Power      Damage    Failure   Level
 Swiftness                Air            0%         N/A       75%         3
 Airstrike                Air            0%         N/A       98%         4


Dungeon Overview and Level Annotations

Branches:
Dungeon (2/15)

Altars:


Message History

You are poisoned.
The adder poisons you!
You hit the adder.
The adder is moderately wounded.
You feel sick. The adder completely misses you. The adder closely misses you.
You barely miss the adder.
The adder is moderately wounded.
You feel sick. The adder bites you but does no damage.
You closely miss the adder.
The adder is moderately wounded.
You feel sick.
You are no longer poisoned.
The adder bites you but does no damage. The adder bites you.
You are poisoned.
The adder poisons you!
Your magical contamination has completely faded away.
The zap hits the adder.
The adder is heavily wounded.
You feel sick. The adder closely misses you.
You miscast Shock.
You are very lightly contaminated with residual magic.
Nothing appears to happen.
You feel sick. The adder bites you.
* * * LOW HITPOINT WARNING * * *
You are lethally poisoned!
The adder poisons you!
You are too injured to fight recklessly!
You are too injured to fight recklessly!
You are too injured to fight recklessly!
You closely miss the adder.
The adder is heavily wounded.
* * * LOW HITPOINT WARNING * * *
You feel very sick. The adder misses you. The adder barely misses you.
You miss the adder.
The adder is heavily wounded.
* * * LOW HITPOINT WARNING * * *
You feel sick. The adder completely misses you. The adder closely misses you.
You hit the adder.
The adder is severely wounded.
You die...

.# .#
.#
.##
.. .#
##.#
#@.#
#S.#
#..#
#...
##.##
.# ##


You could see an adder.

Vanquished Creatures
  4 bats (D:1)
  An endoplasm (D:1)
  6 hobgoblins (D:1)
  A kobold (D:1)
  A quokka (D:1)
  A ball python (D:1)
  A frilled lizard (D:1)
  A rat (D:1)
16 creatures vanquished.

Notes
Turn   | Place    | Note
-------+----------+-------------------------------------------
     0 | D:1      | horus123 the Deep Elf Gladiator began the quest for the
                  | Orb.
     0 | D:1      | Reached XP level 1. HP: 12/12 MP: 3/3
   120 | D:1      | Found a faded altar of an unknown god.
   447 | D:1      | Reached XP level 2. HP: 17/17 MP: 5/5
   719 | D:1      | Learned a level 1 spell: Shock
   749 | D:1      | Reached skill level 1 in Spellcasting
  1142 | D:1      | Reached skill level 4 in Dodging
  1372 | D:2      | Succumbed to an adder's poison

Illustrated notes

Levels and vault maps discovered:
D:1:      dpeg_arrival_rhombi, layout_basic,
          shapermc_ecumenical_altar_starsandcircs
D:2:      layout_basic

Skill      XL: |  1  2 |
---------------+-------+-----
Spellcasting   | 1 |  1.0
Long Blades    | 3 |  3.0
Dodging        | 4 |  4.0
Fighting       | |  1.7
Throwing       | |  2.0
Armour         | |  0.2

Action                   || total
-------------------------++-------
Melee: Long sword        ||    46
Throw: Throwing net      ||     1
 Cast: Shock             ||     6
  Use: Scroll            ||     2
Armor: Leather armour    ||    12
Dodge: Dodged            ||    47
       Rpst.: Long sword ||    16
